Map: Blackpink LE

Players

liquidthermy (uThermal) - Winner!

  • Race: Terran Terran
  • League: Grandmaster
  • Spawn Location: 1:00

Neeblet (Neeb)

  • Race: Protoss Protoss
  • League: Master
  • Spawn Location: 7:00

Event: HomeStory Cup XVI

VOD

Have the link to the VOD?

Description

Time

  • Played on: Nov. 9, 2017, 10:31 a.m.
  • Length: 27:45

All games in this series

Show
View Real Time Build Order
Export as new Build Order

liquidthermy Terran - Winner!

Build Orders: MMM Bio 

Get SALT Encoding   

  12  0:01  SCV  
  13  0:13  SCV  
  14  0:17  Supply Depot  
  14  0:26  SCV  
  15  0:39  SCV  
  15  0:40  Barracks  
  16  0:51  SCV  
  17  1:03  SCV  
  18  1:04  Refinery  
  18  1:15  SCV  
  19  1:27  Orbital Command, Marine  
  20  1:39  Command Center  
  20  1:49  Barracks Reactor  
  20  1:53  SCV  
  21  1:56  Supply Depot  
  21  2:05  SCV  
  21  2:07  Barracks  
  22  2:17  SCV  
  23  2:23  Barracks  
  23  2:25  Marine  
  23  2:26  Marine  
  26  2:30  SCV  
  26  2:42  SCV  
  26  2:43  Marine x2  
  29  2:51  Orbital Command  
  29  2:54  SCV  
  29  2:58  Engineering Bay, Barracks Tech Lab  
  30  3:03  Marine  
  31  3:05  Marine  
  31  3:06  SCV  
  31  3:10  Marine  
  34  3:16  SCV  
  34  3:18  Stimpack, SCV  
  36  3:21  Marine x2  
  36  3:23  Marine  
  39  3:30  SCV  
  39  3:33  Terran Infantry Weapons Level 1  
  39  3:35  Missile Turret  
  39  3:38  SCV  
  39  3:39  Marine  
  42  3:42  SCV  
  42  3:44  Supply Depot  
  42  3:45  Barracks Tech Lab  
  42  3:49  Marine  
  42  3:50  SCV  
  42  3:51  Marine  
  42  3:54  SCV  
  46  3:57  Supply Depot  
  46  4:02  SCV  
  46  4:06  SCV  
  46  4:08  Marauder, Marine  
  46  4:09  Marine  
  51  4:11  Combat Shields  
  51  4:14  SCV  
  52  4:18  SCV  
  52  4:19  Bunker  
  52  4:22  Supply Depot  
  52  4:23  Marine  
  54  4:26  SCV  
  54  4:27  Marine  
  54  4:28  Marine  
  54  4:30  Marine  
  54  4:31  SCV  
  59  4:34  Supply Depot  
  59  4:38  SCV  
  59  4:40  Marine  
  59  4:43  SCV  
  59  4:44  Missile Turret  
  59  4:45  Marine  
  62  4:50  SCV  
  62  4:51  Marine  
  64  4:55  Supply Depot, SCV, Marauder  
  64  4:58  Marine  
  68  5:03  SCV  
  68  5:05  Supply Depot, Marine  
  70  5:07  SCV  
  71  5:15  SCV  
  71  5:17  Marine  
  71  5:18  Concussive Shells, Marine  
  76  5:22  SCV  
  76  5:27  SCV  
  77  5:29  Terran Infantry Armor Level 1  
  77  5:32  Marine  
  77  5:33  Command Center  
  77  5:34  SCV  
  77  5:35  Supply Depot, Marine x2  
  78  5:39  SCV  
  78  5:40  Refinery  
  78  5:42  Refinery  
  79  5:46  SCV  
  79  5:47  Marine  
  81  5:51  SCV  
  81  5:53  Marauder, Marine  
  85  5:59  SCV  
  85  6:03  SCV  
  83  6:04  Marine  
  83  6:05  Marauder  
  83  6:11  SCV, Marine  
  83  6:15  Marauder, SCV  
  85  6:20  Refinery  
  85  6:22  Marine  
  85  6:23  SCV  
  85  6:26  Marine  
  85  6:27  SCV  
  85  6:33  Marine  
  86  6:35  SCV  
  86  6:36  Marauder  
  86  6:39  SCV  
  86  6:47  SCV  
Show
View Real Time Build Order
Export as new Build Order

Neeblet Protoss 

Build Orders: 1 Gate Expand, Oracle Opening 

Get SALT Encoding   

  12  0:02  Probe (Chrono Boost)  
  14  0:14  Probe (Chrono Boost)  
  14  0:17  Pylon  
  14  0:25  Probe (Chrono Boost)  
  15  0:31  Probe (Chrono Boost)  
  15  0:36  Gateway  
  15  0:40  Probe (Chrono Boost)  
  17  0:45  Assimilator  
  17  0:52  Probe (Chrono Boost)  
  19  1:05  Probe (Chrono Boost)  
  19  1:17  Probe (Chrono Boost)  
  20  1:23  Nexus  
  20  1:32  Cybernetics Core  
  20  1:36  Probe (Chrono Boost)  
  20  1:39  Assimilator  
  22  1:48  Probe (Chrono Boost)  
  22  1:49  Pylon  
  22  1:58  Adept  
  22  2:00  Probe (Chrono Boost)  
  25  2:12  Probe (Chrono Boost)  
  26  2:18  Stargate  
  26  2:25  Probe (Chrono Boost)  
  27  2:32  Probe (Chrono Boost)  
  27  2:33  Warp Gate  
  27  2:35  Probe (Chrono Boost)  
  29  2:39  Probe (Chrono Boost)  
  29  2:41  Probe (Chrono Boost)  
  30  2:44  Stalker  
  30  2:51  Probe x2 (Chrono Boost)  
  34  2:53  Oracle  
  35  3:03  Probe x2 (Chrono Boost)  
  40  3:09  Pylon  
  40  3:15  Probe x2 (Chrono Boost)  
  42  3:21  Gateway  
  42  3:22  Gateway  
  44  3:27  Probe (Chrono Boost)  
  44  3:28  Probe (Chrono Boost)  
  44  3:33  Oracle  
  47  3:39  Probe (Chrono Boost)  
  47  3:40  Probe (Chrono Boost)  
  49  3:51  Probe (Chrono Boost)  
  49  3:52  Probe (Chrono Boost), Pylon  
  53  4:03  Nexus, Probe (Chrono Boost)  
  53  4:04  Probe (Chrono Boost)  
  53  4:09  Assimilator  
  53  4:10  Assimilator  
  53  4:13  Shield Battery  
  53  4:15  Probe (Chrono Boost)  
  55  4:18  Probe (Chrono Boost), Pylon  
  55  4:22  Robotics Facility  
  55  4:28  Probe (Chrono Boost)  
  55  4:30  Probe (Chrono Boost)  
  58  4:40  Probe (Chrono Boost)  
  58  4:42  Probe (Chrono Boost)  
  59  4:45  Shield Battery  
  59  4:52  Probe (Chrono Boost)  
  57  4:54  Probe (Chrono Boost)  
  58  5:00  Forge, Twilight Council  
  58  5:02  Immortal  
  58  5:03  Pylon  
  58  5:04  Probe (Chrono Boost)  
  58  5:06  Probe (Chrono Boost)  
  60  5:07  Sentry x2  
  60  5:08  Stalker  
  70  5:21  Gateway x3  
  70  5:24  Probe x2 (Chrono Boost)  
  70  5:27  Immortal  
  72  5:34  Stalker, Shield Battery, Sentry  
  72  5:35  Stalker, Shield Battery  
  83  5:50  Probe x3 (Chrono Boost)  
  83  5:59  Pylon  
  75  6:07  Probe (Chrono Boost)  
  75  6:10  Stalker x2  
  72  6:19  Pylon  
Tags
 
Add a new tag
Caveats
  • Supply blocks, unpowered buildings, or Contaminate may cause inaccurate times.
  • Supply counts are checked every 10 seconds.